 Dungeon Crawl Stone Soup version 0.17.1-1-g73c8601 (webtiles) character file.

1315 JustSomeDude the Sneak (level 8, -9/53 HPs)
             Began as a Demonspawn Assassin on Dec 16, 2015.
             Was a Priest of Qazlal.
             Mangled by an orc warrior
             ... wielding a +0 trident
              (14 damage)
             ... on level 6 of the Dungeon.
             The game lasted 00:22:22 (3510 turns).

JustSomeDude the Sneak (Demonspawn Assassin)        Turns: 3510, Time: 00:22:23

Health: -9/53      AC:  7    Str: 13    XL:     8   Next: 33%
Magic:  8/8        EV: 15    Int: 13    God:    Qazlal [***...]
Gold:   308        SH:  4    Dex: 15    Spells: 0 memorised, 7 levels left

rFire  + . .     SeeInvis .     C - +2 quarterstaff (chaos)
rCold  . . .     Clarity  .     j - +2 robe {MR+}
rNeg   . . .     SustAt   .     (shield currently unavailable)
rPois  .         Gourm    .     (helmet restricted)
rElec  .         Spirit   .     D - +0 cloak
rCorr  .         Warding  .     K - +0 pair of gloves (curse)
rMut   .         Stasis   .     (no boots)
MR     +....                    (no amulet)
Stlth  ++........               (no ring)
                                y - ring of protection from fire

@: somewhat resistant to hostile enchantments, unstealthy
A: horns 2, frail 1, powered by death 1, shaggy fur 1, spiny 2
a: Upheaval, Elemental Force, Renounce Religion


You were on level 6 of the Dungeon.
You worshipped Qazlal.
Qazlal was most pleased with you.
You were not hungry.

You visited 1 branch of the dungeon, and saw 6 of its levels.

You collected 308 gold pieces.

Inventory:

Hand Weapons
 a - a +2 dagger
 b - a +0 blowgun
 n - a -1 hunting sling
 r - a cursed -1 short sword
 C - a +2 quarterstaff of chaos (weapon)
Missiles
 e - 23 poisoned needles
 f - 2 curare-tipped needles
 s - 43 sling bullets
 v - 7 needles of slowing
Armour
 c - a +0 robe
 d - a +0 cloak
 j - a +2 robe of magic resistance (worn)
 A - a +0 scale mail
 D - a +0 cloak (worn)
 K - a cursed +0 pair of gloves (worn)
Magical Staves
 E - an uncursed staff of fire
Jewellery
 y - a ring of protection from fire (left hand)
 J - an uncursed amulet of resist corrosion {unknown}
Wands
 k - a wand of frost (10)
 m - a wand of enslavement (19)
 u - a wand of fire (6)
 B - a wand of digging (12)
 F - a wand of digging (20)
Scrolls
 h - 2 scrolls of fear
 i - 9 scrolls of identify
 o - 6 scrolls of remove curse
 p - 5 scrolls of teleportation {unknown}
 q - 3 scrolls of enchant armour {unknown}
 w - 3 scrolls of enchant weapon {unknown}
 H - a scroll of blinking {unknown}
Potions
 t - 3 potions of curing
 x - a potion of resistance {unknown}
 z - a potion of lignification {unknown}
 G - a potion of agility
 I - a potion of poison {unknown}
Books
 L - a book of Debilitation

   Spells                             Type                      Level
   a - Corona                         Hexes                        1
   b - Slow                           Hexes                        2
   c - Gell's Gravitas                Hexes/Translocation          3
   d - Inner Flame                    Hexes/Fire                   3
   e - Cause Fear                     Hexes                        4
   f - Leda's Liquefaction            Hexes/Earth                  4
Comestibles
 g - 2 bread rations
 l - 4 meat rations


   Skills:
 + Level 3.6 Fighting
 - Level 3.3 Short Blades
 * Level 1.0 Staves
 + Level 4.3(4.6) Slings
 + Level 2.0(3.4) Throwing
 + Level 5.4 Dodging
 * Level 5.5 Stealth


You had 7 spell levels left.
You didn't know any spells.

Dungeon Overview and Level Annotations

Branches:
Dungeon (6/15)
 Temple: D:4-7

Altars:
Fedhas
Kikubaaqudgha
Qazlal
Vehumet
Yredelemnul

Shops:
D:5 %%?=

Annotations:
D:6 Eustachio


Innate Abilities, Weirdness & Mutations

You have a pair of horns on your head.
You regenerate a little health from kills.
You are mostly covered in sharp spines.
You are frail (-10% HP).
You are covered in fur (AC +1).


Message History

You feel a bit more experienced. The orc warrior closely misses you.
You hear a shout!
The orc warrior is struck by your spines.
The orc warrior hits you with a trident!
Things that are here:
a hand axe; 4 tomahawks of returning; an orc corpse You sock the orc warrior!
The orc warrior is moderately wounded.
You block the orc warrior's attack.
You closely miss the orc warrior.
The orc warrior is moderately wounded.
You block the orc warrior's attack.
You hit the orc warrior but do no damage.
There is a sudden explosion of sparks!
The orc warrior is severely wounded.
The orc warrior hits you with a trident!!
* * * LOW HITPOINT WARNING * * *
The orc warrior is struck by your spines.
The orc warrior hits you with a trident!
You die...

### .5# #@#
#.# #.# #5#
#
#.#####o##.#
#......@)..#
#.#####.####
#.# #.#####
#.....#
#####.# #.#
#.# #.#


You could see Eustachio (petrified), an orc warrior, a quasit and an ufetubus.

Vanquished Creatures
  Menkaure (D:6)
  Purgy (D:4)
  An ice beast (D:5)
  2 ogres (D:4)
  The ghost of mindo the Magician, an amateur HEWz (D:3)
  Blork the orc (D:5)
  2 scorpions
  A crimson imp (D:5)
  4 hounds
  Crazy Yiuf (D:4)
  A centaur skeleton (D:5)
  2 orc wizards
  Jessica (D:2)
  An iguana (D:6)
  5 worker ants
  Robin (D:4)
  2 adders (D:5)
  A shadow imp (D:6)
  4 worms
  5 giant geckos
  9 orcs
  16 goblins
  12 hobgoblins
  3 jackals (D:1)
  9 bats
  5 giant cockroaches
  A giant gecko zombie (D:5)
  8 giant newts
  A jackal skeleton (D:5)
  3 kobolds (D:3)
  3 quokkas
  8 rats
  2 plants (D:4)
118 creatures vanquished.

Vanquished Creatures (others)
  2 plants (D:4)
2 creatures vanquished.

Grand Total: 120 creatures vanquished

Notes
Turn   | Place    | Note
--------------------------------------------------------------
     0 | D:1      | JustSomeDude the Demonspawn Assassin began the quest for the Orb.
     0 | D:1      | Reached XP level 1. HP: 16/16 MP: 1/1
   128 | D:1      | Reached skill level 4 in Stealth
   137 | D:1      | Gained mutation: You are partially covered in sharp spines. [demonic ancestry]
   137 | D:1      | Reached XP level 2. HP: 11/22 MP: 2/2
   664 | D:2      | Gained mutation: You regenerate a little health from kills. [demonic ancestry]
   664 | D:2      | Reached XP level 3. HP: 27/27 MP: 3/3
   677 | D:2      | Found an ancient bone altar of Kikubaaqudgha.
   707 | D:2      | Reached skill level 1 in Dodging
   709 | D:2      | Found a basalt altar of Yredelemnul.
   751 | D:2      | Noticed Jessica
   759 | D:2      | Killed Jessica
   861 | D:2      | Found a faded altar to an unknown god.
   869 | D:2      | Became a worshipper of Qazlal Stormbringer
   869 | D:2      | Reached * piety under Qazlal
   951 | D:3      | Gained mutation: You have a pair of small horns on your head. [demonic ancestry]
   951 | D:3      | Reached XP level 4. HP: 34/34 MP: 4/4
   958 | D:3      | Noticed mindo's ghost (amateur HEWz)
   966 | D:3      | Killed mindo's ghost
   966 | D:3      | Reached XP level 5. HP: 39/39 MP: 5/5
  1493 | D:3      | Reached ** piety under Qazlal
  1626 | D:4      | Reached skill level 5 in Stealth
  1690 | D:4      | Noticed Robin
  1695 | D:4      | Killed Robin
  1705 | D:4      | Noticed an ogre
  1711 | D:4      | Killed an ogre
  1711 | D:4      | Reached XP level 6. HP: 44/46 MP: 6/6
  1890 | D:4      | Reached skill level 1 in Slings
  1900 | D:4      | Noticed Purgy
  1916 | D:4      | Killed Purgy
  1951 | D:4      | Gained mutation: You have a pair of horns on your head. [demonic ancestry]
  1951 | D:4      | Reached XP level 7. HP: 46/52 MP: 7/7
  2002 | D:4      | Noticed an ogre
  2008 | D:4      | Killed an ogre
  2048 | D:4      | Gained mutation: You are frail (-10% HP). [potion of mutation]
  2048 | D:4      | Gained mutation: You are covered in fur (AC +1). [potion of mutation]
  2360 | D:4      | Found a blossoming altar of Fedhas.
  2360 | D:4      | Found a radiant altar of Vehumet.
  2535 | D:4      | Noticed Crazy Yiuf
  2543 | D:4      | Killed Crazy Yiuf
  2703 | D:5      | Entered Level 5 of the Dungeon
  2743 | D:5      | Found Ugodghez's Food Emporium.
  2907 | D:5      | Found Benwioth's Food Shop.
  2966 | D:5      | Noticed Blork the orc
  2973 | D:5      | Killed Blork the orc
  2974 | D:5      | Reached *** piety under Qazlal
  2974 | D:5      | Gained mutation: You are mostly covered in sharp spines. [demonic ancestry]
  2974 | D:5      | Reached XP level 8. HP: 52/52 MP: 8/8
  3009 | D:5      | Found Pucvyfes's Magic Scroll Emporium.
  3033 | D:5      | Found Huameb's Jewellery Emporium.
  3224 | D:6      | Reached skill level 5 in Dodging
  3418 | D:6      | Noticed Menkaure
  3424 | D:6      | Killed Menkaure
  3424 | D:6      | Reached skill level 1 in Staves
  3493 | D:6      | Noticed Eustachio
  3510 | D:6      | Mangled by an orc warrior

Action                   |  1- 3 |  4- 6 |  7- 9 || total
-------------------------+-------+-------+-------++-------
Melee: Dagger            |    58 |    99 |    57 ||   214
       Hunting sling     |       |    15 |       ||    15
       Quarterstaff      |       |       |    36 ||    36
 Fire: Hunting sling     |       |    44 |    14 ||    58
  Use: Scroll            |       |     5 |     2 ||     7
       Potion            |       |       |     4 ||     4
 Stab: Sleeping          |     8 |       |       ||     8
  Eat: Bread ration      |       |     1 |     1 ||     2
